 Dungeon Crawl Stone Soup version 0.15-a0-890-g337b859 (console) character file.

259 splat the Cutter (level 5, -18/36 HPs)
             Began as a Plutonian Chaos Knight on May 19, 2014.
             Was a Plaything of Xom.
             Demolished by a sun demon (19 damage)
             ... summoned by Xom
             ... on Level 4 of the Dungeon.
             The game lasted 00:06:13 (3507 turns).

splat the Cutter (Plutonian Chaos Knight)           Turns: 3507, Time: 00:06:13

HP -18/36        AC  6     Str 14 (15) XL: 5   Next: 95%
MP   4/4         EV 11     Int 11 (12) God: Xom
Gold 209         SH  6     Dex 11 (13) Spells:  0 memorised,  4 levels left

rFire  . . .     SeeInvis .     a - +1 short sword (chaos)
rCold  . . .     Clarity  .     b - +3 leather armour
rNeg   . . .     Conserve .     m - +0 buckler
rPois  .         rCorr    .     (no helmet)
rElec  .         rRot     .     (no cloak)
SustAb .         Spirit   .     (no gloves)
rMut   .         Warding  .     (no boots)
Gourm  .         Stasis   .     (no amulet)
MR     .....                    h - cursed ring of loudness
                                o - +4 ring of strength

@: slightly contaminated, glowing, not resistant to hostile enchantments,
extremely unstealthy
A: deterioration 1, weak 1
a: Overload, Renounce Religion


You were on level 4 of the Dungeon.
You worshipped Xom.
You were a very special plaything of Xom.
You were not hungry.

You visited 2 branches of the dungeon, and saw 6 of its levels.

You collected 209 gold pieces.

Inventory:

Hand weapons
 a - a +1,+1 short sword of chaos (weapon)
Armour
 b - a +3 leather armour (worn)
 m - a +0 buckler (worn)
   (You found it on level 2 of the Dungeon)
Scrolls
 d - a scroll of amnesia
 f - 2 scrolls of magic mapping
 l - a scroll of teleportation
Jewellery
 h - a cursed ring of loudness (right hand)
   (You found it on level 4 of the Dungeon)
 o - a +4 ring of strength (left hand)
   (You found it on level 2 of the Dungeon)
Potions
 c - 6 potions of curing
 e - a potion of haste
 g - a potion of brilliance {unknown}
 j - 2 potions of heal wounds
 n - a potion of might
 s - a potion of restore abilities


   Skills:
 - Level 3.0 Fighting
 + Level 5.0 Short Blades
 - Level 2.0 Armour
 + Level 4.4 Dodging


You had 4 spell levels left.
You didn't know any spells.

Dungeon Overview and Level Annotations

Branches:
Dungeon (5/15)             Temple (1/1) D:4

Altars:
Ashenzari
Cheibriados
Elyvilon
Fedhas
Gozag
Kikubaaqudgha
Makhleb
Nemelex Xobeh
Okawaru
Qazlal
Sif Muna
Trog
Vehumet
Yredelemnul
Zin


Innate Abilities, Weirdness & Mutations

Your body is slowly deteriorating.
You are weak. (Str -2)


Message History

You barely miss the orc.
The orc is heavily wounded.
You barely miss the orc.
The orc is heavily wounded.
The orc hits you with a short sword.
* * * LOW HITPOINT WARNING * * *
You hit the orc.
The orc is poisoned.
The orc is almost dead.
The orc hits you with a short sword.
* * * LOW HITPOINT WARNING * * *
You kill the orc!
You hear Xom's maniacal laughter.
The sun demon hits you!
* * * LOW HITPOINT WARNING * * *
Xom thinks this is hilarious!
You are engulfed in flames!
Ouch! That really hurt!
You die...
Xom howls with laughter!

#..........# #####....
#..........# #........
#..........###........
#...>......'.'..%.....
#..........###........
#....5...[.# #....####
#..........# #....)..#
#..........# ####.)..#
#....@3....# #.....
########)####### ###.....
#.....)..# #....#.7
#.######'####### #......7
*,* #..(..#....# #...##.7
*,* #.....#....# #...##..
*,* #.....#....# #.......
*,* #.....#....# #.......
*,###.....#....#**#.......


You could see a sun demon and an iron imp.

Vanquished Creatures
  A vampire bat (D:2)
  A hound (D:5)
  3 worker ants
  4 adders
  2 gnolls (D:5)
  A giant mite (D:2)
  8 orcs
  A ball python (D:2)
  10 bats
  2 bat skeletons (D:2)
  4 bat zombies (D:2)
  A giant cockroach (D:2)
  6 goblins
  8 hobgoblins
  10 kobolds
  A giant gecko (D:1)
  3 giant newts
  5 rats
71 creatures vanquished.

Vanquished Creatures (collateral kills)
  A bat (D:5)
1 creature vanquished.

Grand Total: 72 creatures vanquished

Notes
Turn   | Place    | Note
--------------------------------------------------------------
     0 | D:1      | splat, the Plutonian Chaos Knight, began the quest for the Orb.
     0 | D:1      | Reached XP level 1. HP: 16/16 MP: 1/1
   150 | D:1      | XOM: divination: magic mapping
   201 | D:1      | XOM: 3-stop teleportation journey
   568 | D:1      | Reached XP level 2. HP: 11/21 MP: 2/2
   608 | D:1      | Found a snail-covered altar of Cheibriados.
   698 | D:1      | XOM: enchant monster (bad)
  1072 | D:2      | Found a deep blue altar of Sif Muna.
  1097 | D:2      | Found a white marble altar of Elyvilon.
  1294 | D:2      | Reached XP level 3. HP: 23/26 MP: 3/3
  1326 | D:2      | XOM: medium Conj miscast
  1609 | D:2      | Found an ancient bone altar of Kikubaaqudgha.
  1609 | D:2      | Noticed a vampire bat
  1628 | D:2      | XOM: give mutation
  1628 | D:2      | Gained mutation: Your body is slowly deteriorating. [Xom's mischief]
  1655 | D:2      | Killed a vampire bat
  1655 | D:2      | Reached skill level 4 in Short Blades
  1655 | D:2      | Reached XP level 4. HP: 16/31 MP: 3/3
  1835 | D:2      | XOM: medium Summ miscast
  1970 | D:3      | Found an opulent altar of Gozag.
  2175 | D:3      | XOM: colour smoke trail
  2548 | D:4      | Reached XP level 5. HP: 36/36 MP: 4/4
  2677 | D:4      | Found a staircase to the Ecumenical Temple.
  2689 | Temple   | Entered the Ecumenical Temple
  2845 | Temple   | XOM: mild Pois miscast
  2912 | Temple   | XOM: harmless Ice miscast
  2991 | D:4      | XOM: give mutation
  2991 | D:4      | Gained mutation: You are weak. (Str -2) [Xom's mischief]
  3051 | D:4      | Noticed an ogre
  3055 | D:5      | Entered Level 5 of the Dungeon
  3080 | D:5      | XOM: confusion (+ monsters)
  3088 | D:5      | Noticed a water moccasin
  3089 | D:5      | hi
  3186 | D:5      | XOM: colour smoke trail
  3244 | D:5      | XOM: divination: magic mapping
  3301 | D:5      | Noticed an ogre
  3303 | D:5      | Noticed an ogre
  3307 | D:5      | XOM: mild Fire miscast
  3313 | D:5      | XOM: chaos upgrade
  3369 | D:4      | Reached skill level 5 in Short Blades
  3506 | D:4      | XOM: summons 2 hostile demons
  3507 | D:4      | Noticed a sun demon
  3507 | D:4      | HP: 1/36 [sun demon[Xom] (7)]
  3507 | D:4      | Demolished by a sun demon

Action                   |  1- 3 |  4- 6 || total
-------------------------+-------+-------++-------
Melee: Short sword       |   132 |   159 ||   291
  Use: Scroll            |     1 |    16 ||    17
       Potion            |       |     2 ||     2
 Stab: Paralysed         |     3 |       ||     3
       Petrifying        |     1 |       ||     1

Action                   |  1- 3 |  4- 6 || total
-------------------------+-------+-------++-------
Melee: Short sword       |   132 |   159 ||   291
  Use: Scroll            |     1 |    16 ||    17
       Potion            |       |     2 ||     2
 Stab: Paralysed         |     3 |       ||     3
       Petrifying        |     1 |       ||     1

Vault maps used:
D:1:      dpeg_arrival_signposts, kennysheep_flooded_box
D:2:      old_standard_altar, kennysheep_vampire_church, lemuel_doored_altar
D:3:      first_bread, grunt_gozag_statues
D:4:      minmay_temple_entry_fiery, minmay_stone_trees_small, uniq_natasha,
          uniq_blork_the_orc
Temple:   triangle_lava_temple_11
